 Dungeon Crawl Stone Soup version 0.27-a0-906-g0a00ce863d (webtiles) character file.

Game seed: 4845435363269226629

39 tilp the Sneak (level 3, -9/19 HPs)
             Began as a Vine Stalker Brigand on Apr 7, 2021.
             Killed by divine providence
             ... invoked by an orc priest
              (11 damage)
             ... on level 3 of the Dungeon.
             The game lasted 00:02:49 (1977 turns).

tilp the Sneak (Vine Stalker Brigand)               Turns: 1977, Time: 00:02:49

Health: -9/19      AC:  4    Str: 14    XL:     3   Next: 45%
Magic:  0/4        EV: 11    Int: 11    God:
Gold:   77         SH:  0    Dex: 15    Spells: 2/2 levels left

rFire    . . .     SeeInvis .   a - +2 dagger
rCold    . . .     Faith    .   (no shield)
rNeg     + . .     Spirit   +   k - +0 leather armour
rPois    .         Reflect  .   (no helmet)
rElec    .         Harm     .   c - +0 cloak
rCorr    .         Rampage  .   (no gloves)
Will     .....                  (no boots)
Stlth    +++.......             (no amulet)
HPRegen  0.06/turn              m - ring of positive energy
MPRegen  0.09/turn              (no ring)

@: no status effects
A: fangs 2, magic shield, antimagic bite, no potion heal 2
a: no special abilities


You were on level 3 of the Dungeon.
You visited 1 branch of the dungeon, and saw 3 of its levels.

You collected 77 gold pieces.

Inventory:

Hand Weapons
 a - a +2 dagger (weapon)
Missiles
 d - 22 poisoned darts (quivered)
 e - 2 curare-tipped darts {!f}
Armour
 c - a +0 cloak (worn)
 k - a +0 leather armour (worn)
Jewellery
 m - a ring of positive energy (left hand)
 q - a ring of resist corrosion
Scrolls
 b - a scroll of fear {unknown}
 g - a scroll of enchant armour {unknown}
 j - a scroll of teleportation {unknown}
 l - a scroll of enchant weapon {unknown}
 n - a scroll of identify
 o - a scroll of noise {unknown}
 r - a scroll of blinking {unknown}
Potions
 f - a potion of resistance
 h - a potion of magic
 i - a potion of haste {unknown}
 p - a potion of curing {unknown}


   Skills:
 + Level 2.7 Fighting
 + Level 2.7 Short Blades
 - Level 1.7 Throwing
 - Level 0.7 Dodging
 - Level 4.8 Stealth


You had 2 spell levels left.
You didn't know any spells.
Your spell library was empty.

Dungeon Overview and Level Annotations

Branches:
Dungeon (3/15)

Altars:

Annotations:
D:2 exclusion: dart slug, Sigmund, Terence


Innate Abilities, Weirdness & Mutations

You have extremely sharp teeth.
When hurt, damage is shared between your health and your magic reserves.
Your bite disrupts and absorbs the magic of your enemies.
Potions cannot restore your health.


Message History

You open the door.
There is an open door here.
Found a twisted jewelled staff.
Found a stone staircase leading down. 2 orcs come into view.
The orc shouts!
There are monsters nearby!
An orc and an orc priest come into view.
The orc priest picks up a golden potion.
The orc shouts! x2
You closely miss the orc. Your bite misses the orc.
The orc priest invokes the aid of Beogh against you.
Beogh smites you!
Ouch! That really hurt!
* * * LOW HITPOINT WARNING * * *
You are too injured to fight recklessly!
Unknown command.
The orc hits you but does no damage.
You hit the orc.
The orc is moderately wounded.
You hit the orc. Your bite misses the orc.
The orc is heavily wounded.
You hit the orc priest but do no damage.
Your bite misses the orc priest. The orc hits you with a +0 flail.
* * * LOW HITPOINT WARNING * * *
The orc priest calls upon Beogh to heal the orc.
The orc's wounds heal themselves!
You closely miss the orc priest.
You bite the orc priest, but do no damage.
The orc hits you with a +0 flail.
* * * LOW HITPOINT WARNING * * *
Unknown command.
You hit the orc priest but do no damage.
Your bite misses the orc priest. The orc priest closely misses you.
The orc closely misses you.
Unknown command.
The orc priest mumbles some strange prayers to Beogh against you.
Beogh smites you!
Ouch! That really hurt!
You die...

........o...o...#
######.#.###o#.# ...#o#...
#####.#.#..## +.......#...
#####o#########. .. .
.#######.#.#......... #. .
.........#o#......... ##. .
...........oo@....... ..#+#.
########.#.#....####. .....
#.#.#.#..# #.#.# #....
#.#.#.#..# #.#.# #....
#.#...#..# #.#.###....
###........# #.#...#....
........#..##.# #.#...#....
........#...#.# #.#...#....
......#.###...####.#...#....


You could see an orc priest and 2 orcs.

Vanquished Creatures
  A dart slug (D:1)
  An orc (D:3)
  3 endoplasms
  2 giant cockroaches (D:1)
  2 goblins
  4 hobgoblins
  4 jackals (D:1)
  A kobold (D:3)
  2 quokkas (D:2)
  4 ball pythons
  2 bats
  3 frilled lizards
  2 rats (D:2)
31 creatures vanquished.

Notes
Turn   | Place    | Note
-------+----------+-------------------------------------------
     0 | D:1      | tilp the Vine Stalker Brigand began the quest for the Orb.
     0 | D:1      | Reached XP level 1. HP: 11/11 MP: 2/2
   230 | D:1      | Reached XP level 2. HP: 15/15 MP: 3/3
   432 | D:1      | Found a faded altar of an unknown god.
   515 | D:1      | You fall into a shaft and drop 1 floor!
   573 | D:2      | Noticed Terence
  1127 | D:2      | Reached XP level 3. HP: 19/19 MP: 2/4
  1192 | D:2      | Noticed Sigmund
  1977 | D:3      | Killed from afar by an orc priest

Illustrated notes

Levels and vault maps discovered:
D:1:      onia_arrival_mini_spirals, layout_basic, basic_ecumenical_altar,
          serial_forest, infiniplex_forest_lined_3_way,
          infiniplex_forest_straight_1, infiniplex_forest_clump_medium,
          infiniplex_forest_straight_3, infiniplex_forest_zigzag_1,
          infiniplex_forest_end_2, infiniplex_forest_straight_2
D:2:      layout_basic, uniq_sigmund, uniq_terence
D:3:      layout_basic, hangedman_abyss_or_decor_stabs

Skill      XL: |  1 |
---------------+----+-----
Fighting       | 2 |  2.7
Short Blades   | 2 |  2.7
Throwing       | |  1.7
Dodging        | |  0.7
Stealth        | |  4.8

Action                   || total
-------------------------++-------
Melee: Dagger            ||    94
       Bite              ||    19
  Use: Scroll            ||     2
 Stab: Sleeping          ||     7
Armor: Robe              ||     8
       Leather armour    ||     5
Dodge: Dodged            ||    42

Table legend: (Time is in decaauts)
 A = Elapsed time spent in this place.
 B = Non-inter-level travel time spent in this place.
 C = Inter-level travel time spent in this place.
 D = Time resting spent in this place.
 E = Time spent auto-exploring this place.
 F = Levels seen in this place.
 G = Mean time per level.
                   A        B        C        D        E       F      G
               +--------+--------+--------+--------+--------+-----+--------+
         Total |   1967 |   1861 |    106 |    279 |   1302 |   3 |  655.7 |
       Dungeon |   1967 |   1861 |    106 |    279 |   1302 |   3 |  655.7 |
               +--------+--------+--------+--------+--------+-----+--------+

Top non-repeatable levels by time:
     D:1: 863 daAuts
     D:3: 552 daAuts
     D:2: 551 daAuts
